 Dungeon Sprint DCSS version 0.20-a0-78-ge188847 (webtiles) character file.

7 packetloss the Chopper (level 2, 0/24 HPs)
             Began as a Vine Stalker Berserker on Nov 19, 2016.
             Was a Follower of Trog.
             Slain by a merfolk siren
             ... wielding a +0 spear
              (8 damage)
             ... in the Dungeon (Sprint II: "The Violet Keep of Menkaure").
             The game lasted 00:00:40 (57 turns).

packetloss the Chopper (Vine Stalker Berserker)       Turns: 57, Time: 00:00:41

Health: 0/24       AC:  2    Str: 24    XL:     2   Next: 0%
Magic:  0/3        EV: 12    Int:  7    God:    Trog [*.....]
Gold:   243        SH:  0    Dex: 13    Spells: 0 memorised, 1 level left

rFire  . . .     SeeInvis .     a - +0 hand axe
rCold  . . .     Gourm    .     b - +0 animal skin
rNeg   . . .     Faith    .     (no shield)
rPois  .         Spirit   +     (no helmet)
rElec  .         Reflect  .     (no cloak)
rCorr  .         Harm     .     (no gloves)
MR     .....     NoTele   +     (no boots)
Stlth  ..........               (no amulet)
                                (no ring)
                                (no ring)

@: berserking, very quick
A: fangs 2, magic shield, antimagic bite, no device heal 3, rot immunity
a: Berserk, Burn Spellbooks, Renounce Religion


You were in the Dungeon.
You worshipped Trog.
Trog was aware of your devotion.
You were not hungry.

You visited 1 branch You collected 243 gold pieces.

Inventory:

Hand Weapons
 a - a +0 hand axe (weapon)
Armour
 b - a +0 animal skin (worn)
Scrolls
 i - a scroll of blinking {!r}
Potions
 d - a potion of curing
 e - a potion of heal wounds
 f - a potion of haste
 g - 2 potions of magic
 h - a potion of berserk rage {!q}
Comestibles
 c - a bread ration {@e1}


   Skills:
 + Level 3.2 Fighting
 * Level 3.9 Axes
 - Level 1.5 Armour
 - Level 1.5 Dodging


You had one spell level left.
You didn't know any spells.

Dungeon Overview and Level Annotations

Branches:
Dungeon (1/1)

Altars:


Innate Abilities, Weirdness & Mutations

You have extremely sharp teeth.
When hurt, damage is shared between your health and your magic reserves.
Your bite disrupts and absorbs the magic of your enemies.
Potions and wands cannot restore your health.
You are immune to rotting.


Message History

Welcome, packetloss the Vine Stalker Berserker.
Trog says: Kill them all!
Found a staircase leading out of the dungeon.
Unknown command.
Unknown command.
You open the door. 2 worms come into view.
Warning x2: The worm can hit for moderate damage in melee!
The worm (sleeping) can hit for moderate damage in melee!
Okay, then.
Warning x2: The worm can hit for moderate damage in melee!
The worm (sleeping) can hit for moderate damage in melee!
Warning x2: The worm can hit for moderate damage in melee! x2
A red film seems to cover your vision as you go berserk!
You feel yourself moving faster!
You feel mighty!
You feel quite a bit more hungry.
You now have 16/16 hp.
You hit the worm. Your bite misses the worm. You slash the worm!
You bite the worm. You drain its power.
You kill the worm!
Trog accepts your kill.
Your Fighting skill increases to level 3!
Your Axes skill increases to level 3!
Spoiler Alert: The worm can hit for moderate damage in melee!
Health restored: 18 You slash the worm!
You hit the worm.
You kill the worm!
Trog accepts your kill.
You have reached level 2!
Health restored: 24; MP restored: 3 Unknown command.
There is an open door here.
You feel a strong urge to attack something.
You now have 243 gold pieces.
You feel your anger subside.
You are no longer berserk.
You pass out from exhaustion.
You feel yourself slow down.
You can move again.
You now have 16/16 hp.
You start waiting.
You feel yourself speed up.
You start waiting.
You feel less exhausted.
There is an open door here.
You open the door.
A merfolk siren comes into view. It is wielding a spear.
The merfolk siren shouts!
Unknown command.
The merfolk siren hits you with a spear!
Ouch! That really hurt!
There is an open door here.
You take 8 damage, and have 8/16 hp.
MASSIVE DAMAGE!!
You now have 1/3 mp.
A red film seems to cover your vision as you go berserk!
You feel yourself moving faster!
You feel mighty!
You feel a lot more hungry.
The merfolk siren hits you with a spear.
You now have 8/24 hp.
Unknown command.
You barely miss the merfolk siren. Your bite misses the merfolk siren.
The merfolk siren hits you but does no damage.
You hit the merfolk siren. Your bite misses the merfolk siren.
You barely miss the merfolk siren. Your bite misses the merfolk siren.
The merfolk siren hits you with a spear!
You die...

## ## ##.
.##
#..#..#
#.m.# #@#
####.##
+##.'.<.+
#...##.##
##.###+#
###


You could see a merfolk siren.

Vanquished Creatures
  2 worms (D)
2 creatures vanquished.

Vanquished Creatures (others)
  A crocodile (D)
1 creature vanquished.

Grand Total: 3 creatures vanquished

Notes
Turn   | Place    | Note
-------+----------+-------------------------------------------
     0 | D        | packetloss the Vine Stalker Berserker began the quest for the Orb.
     0 | D        | Reached XP level 1. HP: 11/11 MP: 2/2
     6 | D        | Reached skill level 3 in Fighting
     6 | D        | Reached skill level 3 in Axes
     8 | D        | Reached XP level 2. HP: 16/16 MP: 3/3
    20 | D        | Killed a crocodile
    52 | D        | Noticed a merfolk siren
    57 | D        | Slain by a merfolk siren

Vault maps used:
D:        the_violet_keep_of_menkaure

Skill      XL: |  1 |
---------------+----+-----
Fighting       | 3 |  3.2
Axes           | 3 |  3.9
Armour         | |  1.5
Dodging        | |  1.5

Action                   || total
-------------------------++-------
Melee: Hand axe          ||     7
       Bite              ||     1
Invok: Berserk           ||     2

Vault maps used:
D:        the_violet_keep_of_menkaure

Table legend:
 A = Turns spent in this place as a percentage of turns spent in the entire game.
 B = Non-inter-level travel turns spent in this place as a percentage of non-inter-level travel turns spent in the entire game.
 C = Inter-level travel turns spent in this place as a percentage of turns spent in this place.
 D = Turns resting spent in this place as a percentage of non-inter-level travel turns spent in this place.
 E = Turns spent auto-exploring this place as a percentage of non-inter-level travel turns spent in this place.
 F = Non-inter-level travel turns spent in this place divided by the number of levels of this place that you've seen.
                   A       B       C       D       E      F
               +-------+-------+-------+-------+-------+----------------------
         Total | 100.0 | 100.0 |   0.0 |   9.7 |   0.0 |  31.0
       Dungeon | 100.0 | 100.0 |   0.0 |   9.7 |   0.0 |  31.0
               +-------+-------+-------+-------+-------+----------------------

Table legend:
 A = Kills in this place as a percentage of kills in entire the game.
 B = Kills by you in this place as a percentage of kills by you in the entire game.
 C = Kills by friends in this place as a percentage of kills by friends in the entire game.
 D = Other kills in this place as a percentage of other kills in the entire game.
 E = Experience gained in this place as a percentage of experience gained in the entire game.
 F = Experience gained in this place divided by the number of levels of this place that you have seen.
                   A       B       C       D       E      F
               +-------+-------+-------+-------+-------+----------------------
         Total | 100.0 | 100.0 |  -nan |  -nan | 100.0 |  10.0
       Dungeon | 100.0 | 100.0 |  -nan |  -nan | 100.0 |  10.0
               +-------+-------+-------+-------+-------+----------------------
